 Dungeon Crawl Stone Soup version 0.22-a0-93-g6b88ebb (webtiles) character file.

241 Kavrick the Covered (level 6, -4/39 HPs)
             Began as a Gargoyle Fighter on Jan 24, 2018.
             Killed from afar by an orc wizard (12 damage)
             ... with a puff of flame
             ... on level 4 of the Dungeon.
             The game lasted 00:02:45 (2762 turns).

Kavrick the Covered (Gargoyle Fighter)              Turns: 2762, Time: 00:02:46

Health: -4/39      AC: 11    Str: 21    XL:     6   Next: 8%
Magic:  6/6        EV:  7    Int:  9    God:
Gold:   184        SH:  9    Dex:  9    Spells: 5/5 levels left

rFire    . . .     SeeInvis .   a - +0 flail
rCold    . . .     Gourm    .   c - +0 shield
rNeg     + . .     Faith    .   b - +0 scale mail
rPois    ∞         Spirit   .   (no helmet)
rElec    +         Reflect  .   (no cloak)
rCorr    .         Harm     .   (no gloves)
MR       .....                  (no boots)
Stlth    ..........             (no amulet)
HPRegen  0.13/turn              (no ring)
MPRegen  0.10/turn              (no ring)

@: no status effects
A: negative energy resistance 1, electricity resistance, unbreathing,
petrification resistance, rot immunity, AC +4
a: no special abilities


You were on level 4 of the Dungeon.
You were not hungry.

You visited 1 branch of the dungeon, and saw 4 of its levels.

You collected 184 gold pieces.

Inventory:

Hand Weapons
 a - a +0 flail (weapon)
Armour
 b - a +0 scale mail (worn)
 c - a +0 shield (worn)
Jewellery
 q - an uncursed ring of protection from fire {unknown}
Wands
 g - a wand of random effects (19)
 n - a wand of paralysis (17)
Scrolls
 e - a scroll of random uselessness {unknown}
 h - a scroll of noise {unknown}
 j - 4 scrolls of remove curse {unknown}
 k - a scroll of teleportation {unknown}
 l - 4 scrolls of identify {unknown}
 o - a scroll of magic mapping {unknown}
 p - 2 scrolls of enchant armour {unknown}
Potions
 d - a potion of might
 i - a potion of heal wounds {unknown}
 m - 2 potions of curing {unknown}
 r - a potion of haste {unknown}
 s - a potion of flight {unknown}
Comestibles
 f - 7 rations


   Skills:
 + Level 4.3 Fighting
 * Level 4.1 Maces & Flails
 + Level 4.3 Armour
 + Level 4.3 Shields


You had 5 spell levels left.
You didn't know any spells.

Dungeon Overview and Level Annotations

Branches:
Dungeon (4/15)
 Temple: D:4-7

Altars:
Trog


Innate Abilities, Weirdness & Mutations

You are resistant to torment.
Your stone body is resilient. (AC +4)
You are immune to poison.
You resist negative energy. (rN+)
You are resistant to electric shocks. (rElec)
You can survive without breathing.
You are immune to petrification.
You are immune to rotting.


Message History

Beogh smites you!
You barely miss the orc wizard.
The orc wizard is moderately wounded.
The orc wizard gestures at you while chanting.
The magic dart hits you!
* * * LOW HITPOINT WARNING * * *
You hit the orc wizard.
The orc wizard is moderately wounded.
You block the orc wizard's attack.
You barely miss the orc wizard.
The orc wizard is moderately wounded.
The orc wizard casts a spell at you. The puff of flame hits you!
* * * LOW HITPOINT WARNING * * *
The orc wizard barely misses you.
You closely miss the orc wizard.
The orc wizard is moderately wounded.
The orc wizard casts a spell at you. The puff of flame hits you!
You die...

## ##. ##....# ####..
...... +.<... .w.o#
####.. ...# ##. .o# ##
#.##### #.#@..# #+#
##.o###.##.# #####
##..## #.#.# #...#
##..## #..###.#.# #...#
#........# #...##
##....#...# #....##
##....##...#
##....###.##.####.#####
##......##### #......


You could see an orc wizard.

Vanquished Creatures
  An orc priest (D:3)
  An orc wizard (D:3)
  Jessica (D:3)
  Ijyb (D:3)
  6 adders
  A dart slug (D:2)
  A leopard gecko (D:2)
  4 orcs
  A ball python (D:2)
  8 bats
  5 giant cockroaches
  9 hobgoblins
  7 jackals (D:2)
  3 frilled lizards
  7 goblins
  9 kobolds
  A quokka skeleton (D:2)
  6 rats
72 creatures vanquished.

Notes
Turn   | Place    | Note
-------+----------+-------------------------------------------
     0 | D:1      | Kavrick the Gargoyle Fighter began the quest for the Orb.
     0 | D:1      | Reached XP level 1. HP: 14/14 MP: 1/1
   181 | D:1      | Reached XP level 2. HP: 19/19 MP: 2/2
  1027 | D:2      | Reached XP level 3. HP: 20/23 MP: 3/3
  1285 | D:2      | Reached XP level 4. HP: 18/29 MP: 4/4
  1462 | D:2      | Found a faded altar of an unknown god.
  1961 | D:3      | Reached XP level 5. HP: 12/33 MP: 5/5
  2371 | D:3      | Noticed Jessica
  2372 | D:3      | Noticed Ijyb
  2413 | D:3      | Killed Ijyb
  2427 | D:3      | Killed Jessica
  2427 | D:3      | Reached XP level 6. HP: 38/38 MP: 6/6
  2562 | D:3      | Found a bloodstained altar of Trog.
  2762 | D:4      | Killed from afar by an orc wizard

Vault maps used:
D:1:      ncdulo_halloftheorcs
D:2:      chequers_ecumenical_altar_island
D:3:      nicolae_overflow_hidden_temple, bloody_trog, uniq_jessica, uniq_ijyb
D:4:      marbit_many_paths, first_ration, led_sif_book

Skill      XL: |  1  2  3  4  5 |
---------------+----------------+-----
Maces & Flails | 3 4 |  4.1
Fighting       | 4 |  4.3
Armour         | 4 |  4.3
Shields        | 4 |  4.3

Action                   |  1- 3 |  4- 6 || total
-------------------------+-------+-------++-------
Melee: Flail             |   169 |   160 ||   329
  Eat: Chunk             |     1 |     6 ||     7
Armor: Scale mail        |   103 |    89 ||   192
Dodge: Dodged            |    58 |    57 ||   115
Block: Shield            |   111 |    74 ||   185

Table legend:
 A = Spawn XP
 B = Non-spawn XP
 C = Spawn XP percentage of total XP
 D = Spawn monster count
 E = Non-spawn monster count
 F = Spawn count percentage of total count
 G = Total turns spent on level
                    A         B        C        D         E        F      G
               +---------+---------+-------+---------+---------+-------+---------
         Total |       0 |     345 |   0.0 |       0 |      72 |   0.0 |  2762
               +---------+---------+-------+---------+---------+-------+---------
           D:1 |       0 |      29 |   0.0 |       0 |      20 |   0.0 |  1016
           D:2 |       0 |     115 |   0.0 |       0 |      36 |   0.0 |   932
           D:3 |       0 |     201 |   0.0 |       0 |      16 |   0.0 |   753
               +---------+---------+-------+---------+---------+-------+---------
